Map: 零纪元-天梯版

Players

Lambo - Winner!

  • Race: Zerg Zerg
  • League: Platinum

PtitDrogo

  • Race: Protoss Protoss
  • League: Platinum

Event: WESG 2018 Grand Finals

VOD

Have the link to the VOD?

Description

Time

  • Played on: March 14, 2019, 2:22 a.m.
  • Length: 16:50

All games in this series

Show
View Real Time Build Order
Export as new Build Order

Lambo Zerg - Winner!

Build Orders: Hatch First 

Get SALT Encoding   

  12  0:01  Drone  
  13  0:12  Overlord  
  13  0:17  Drone  
  14  0:31  Drone x2  
  16  0:49  Hatchery  
  15  0:53  Drone  
  15  0:56  Drone  
  17  1:00  Drone  
  18  1:11  Extractor  
  17  1:15  Spawning Pool  
  16  1:18  Drone  
  16  1:22  Drone  
  18  1:28  Drone  
  19  1:39  Drone  
  20  1:51  Drone  
  21  2:02  Queen x2, Zergling x2  
  21  2:03  Overlord  
  26  2:11  Metabolic Boost  
  26  2:13  Drone  
  26  2:14  Drone  
  28  2:24  Drone x2  
  30  2:38  Hatchery  
  30  2:39  Drone  
  30  2:44  Drone x2  
  30  2:48  Overlord  
  32  2:55  Drone  
  32  2:58  Queen  
  35  3:04  Drone  
  36  3:07  Drone  
  36  3:08  Drone  
  38  3:13  Drone  
  38  3:14  Drone x2  
  38  3:15  Drone  
  38  3:16  Overlord  
  42  3:20  Zergling x2  
  42  3:21  Drone  
  44  3:30  Spore Crawler  
  44  3:33  Lair, Drone  
  44  3:36  Queen  
  46  3:42  Drone x2  
  46  3:44  Spore Crawler, Drone  
  46  3:47  Drone  
  49  3:48  Drone  
  49  3:50  Drone  
  49  3:54  Extractor  
  49  3:55  Extractor  
  49  3:58  Overlord  
  49  3:59  Drone  
  49  4:05  Spore Crawler  
  49  4:08  Drone x2  
  50  4:16  Drone x2  
  50  4:17  Drone  
  52  4:19  Drone x2  
  52  4:20  Drone x2  
  52  4:21  Drone  
  52  4:22  Overlord  
  57  4:31  Overlord  
  57  4:32  Overlord  
  57  4:35  Overlord  
  57  4:40  Overlord, Hydralisk Den  
  57  4:43  Drone x2  
  58  4:51  Overlord  
  58  4:52  Drone x7  
  61  4:56  Drone x2  
  62  5:00  Evolution Chamber  
  62  5:01  Drone  
  62  5:03  Drone  
  62  5:04  Drone  
  62  5:06  Zergling x2  
  65  5:07  Drone  
  65  5:10  Evolution Chamber  
  65  5:13  Overseer  
  65  5:14  Drone x2  
  67  5:18  Drone x4  
  67  5:19  Drone  
  72  5:22  Muscular Augments  
  72  5:24  Drone, Extractor  
  72  5:25  Drone  
  72  5:27  Evolution Chamber  
  72  5:28  Drone  
  73  5:30  Extractor  
  73  5:31  Zerg Missile Weapons Level 1  
  73  5:32  Drone  
  74  5:35  Drone x2  
  74  5:36  Extractor  
  74  5:41  Drone x2  
  76  5:46  Drone  
  76  5:47  Hatchery  
  76  5:49  Overlord, Drone  
  77  5:56  Zerg Melee Weapons Level 1  
  77  5:59  Drone x3  
  77  6:00  Baneling Nest  
  77  6:01  Hydralisk x2  
  77  6:03  Overlord  
  83  6:06  Overlord  
  81  6:11  Drone  
  81  6:15  Drone  
  81  6:16  Hydralisk x2  
  87  6:19  Hydralisk  
  87  6:21  Hydralisk  
  87  6:22  Hydralisk  
  87  6:24  Overlord  
  93  6:28  Hydralisk x2  
  93  6:31  Hydralisk  
  99  6:36  Hydralisk x3  
  104  6:40  Overlord  
  104  6:41  Zergling x2  
  104  6:42  Zergling x2  
  104  6:45  Zergling x6  
  104  6:46  Centrifical Hooks  
  109  6:47  Grooved Spines  
  109  6:49  Hydralisk  
  109  6:53  Hydralisk  
  111  6:57  Hydralisk x3  
  119  7:01  Overlord  
  119  7:03  Overseer  
  119  7:04  Hydralisk  
  119  7:05  Zergling x4  
  119  7:07  Drone  
  124  7:09  Drone x3  
  124  7:15  Hydralisk x2  
  127  7:21  Hydralisk x3  
  132  7:25  Hydralisk x2  
  136  7:31  Zerg Missile Weapons Level 2  
  136  7:32  Zergling x8  
  140  7:38  Zergling x6  
  140  7:42  Overlord  
  140  7:43  Overlord, Extractor  
  142  7:46  Overlord  
  142  7:53  Overlord  
  142  7:55  Zerg Melee Weapons Level 2  
  142  7:56  Drone  
  142  7:58  Overlord  
  143  8:03  Hydralisk x3  
  143  8:04  Zergling x12, Hydralisk  
  157  8:08  Nydus Network, Drone  
  157  8:10  Hydralisk  
  157  8:11  Zergling x2  
  160  8:15  Hydralisk  
  160  8:16  Zergling x2, Hydralisk  
  161  8:21  Hydralisk x2  
  161  8:22  Zergling x4  
  161  8:24  Hydralisk  
  161  8:25  Zergling x2  
  165  8:27  Hydralisk  
  165  8:34  Hydralisk x3  
  167  8:38  Hydralisk  
  167  8:41  Hydralisk x2  
  171  8:45  Zergling x10  
  176  8:53  Hydralisk x3  
  169  9:03  Zergling x2, Hydralisk x2  
  169  9:04  Zergling x14  
  169  9:08  Zergling x2, Hydralisk  
  184  9:14  Overlord x2  
  184  9:27  Overlord  
  184  9:29  Baneling  
  184  9:30  Baneling x13  
  184  9:35  Zergling x20, Hydralisk  
  196  9:38  Hydralisk  
  196  9:39  Zergling x2  
  196  9:43  Zergling x2  
  196  9:44  Overlord  
  200  9:47  Pneumatized Carapace  
  200  9:50  Nydus Canal  
  200  9:58  Hydralisk x3  
  196  10:01  Hydralisk  
  190  10:10  Nydus Canal  
  190  10:11  Hydralisk x2  
  176  10:15  Hydralisk  
  176  10:16  Zergling x14  
  176  10:17  Zergling x6  
  176  10:18  Zergling x2  
  174  10:23  Hydralisk  
  174  10:28  Hydralisk  
  172  10:30  Zergling x4  
  169  10:38  Zergling x2  
  167  10:48  Hydralisk x5  
  174  10:52  Baneling  
  174  10:53  Baneling x4  
  166  10:58  Hydralisk  
  166  11:03  Hydralisk  
  149  11:06  Hydralisk  
  144  11:14  Hydralisk x2  
  144  11:15  Zergling x4  
  150  11:22  Nydus Canal  
  150  11:24  Hydralisk x2  
  154  11:28  Hydralisk  
  155  11:34  Hydralisk  
  155  11:38  Hydralisk  
  158  11:41  Hydralisk  
  158  11:45  Hydralisk  
  156  11:58  Nydus Canal  
  156  12:00  Zergling x2  
  157  12:06  Hatchery  
  157  12:07  Hydralisk  
  157  12:08  Hydralisk  
  157  12:13  Zergling x8  
  157  12:20  Hydralisk x2  
  157  12:30  Nydus Canal  
  157  12:33  Zergling x2  
  157  12:34  Zergling x14  
  165  12:45  Nydus Canal  
  165  12:49  Queen  
  167  12:51  Drone x3  
  167  12:52  Zergling x2  
  167  12:56  Nydus Canal  
  171  13:02  Hydralisk x3  
  171  13:11  Nydus Canal  
  171  13:12  Hydralisk x3  
  169  13:18  Hydralisk x3  
  145  13:20  Hydralisk  
  134  13:30  Hydralisk x3  
  134  13:31  Zergling x2  
  134  13:33  Nydus Canal  
  139  13:35  Baneling x5  
  139  13:36  Baneling  
  139  13:38  Drone  
  140  13:44  Baneling x3  
  140  13:48  Drone x4, Nydus Canal  
  143  13:51  Hydralisk  
  143  13:52  Zergling x2  
  143  13:55  Baneling x3  
  146  13:59  Zergling x2  
  146  14:00  Zergling x4  
  146  14:02  Nydus Canal  
  148  14:05  Zergling x6  
  148  14:08  Hydralisk  
  148  14:09  Zergling x2  
  154  14:12  Zergling x4  
  154  14:16  Nydus Canal, Hydralisk  
  154  14:17  Zergling x4  
  154  14:21  Zergling x2  
  154  14:22  Zergling x4  
  154  14:23  Baneling x4  
  157  14:27  Zergling x4  
  157  14:28  Zergling x2  
  157  14:29  Zergling x2  
  160  14:32  Hydralisk  
  160  14:33  Zergling x2  
  160  14:38  Hydralisk x2  
  162  14:44  Hydralisk x2  
  170  14:49  Nydus Canal  
  170  14:50  Zergling x2, Hydralisk  
  170  14:51  Zergling x2  
  174  14:53  Hydralisk  
  174  14:54  Zergling x2  
  174  14:57  Zergling x4  
  177  15:02  Zergling x2, Hydralisk  
  177  15:03  Nydus Canal  
  178  15:08  Baneling x3  
  178  15:10  Zergling x2  
  178  15:11  Zergling x2  
  176  15:15  Hydralisk  
  176  15:16  Zergling x6  
  176  15:19  Hydralisk  
  176  15:20  Zergling x2  
  174  15:33  Hydralisk x2  
  174  15:34  Zergling x4  
  173  15:38  Hydralisk  
  173  15:39  Zergling x2, Hydralisk  
  173  15:42  Nydus Canal  
  176  15:43  Hydralisk  
  176  15:47  Hydralisk  
  179  15:52  Hydralisk  
  179  15:54  Hydralisk  
  179  15:55  Zergling x6  
  172  15:59  Hydralisk  
  172  16:00  Zergling x4  
  172  16:03  Hydralisk  
  166  16:05  Overlord  
  166  16:10  Hydralisk x2  
  136  16:15  Hydralisk  
  136  16:16  Zergling x2  
  123  16:20  Hydralisk  
  123  16:22  Zergling x2  
  123  16:25  Zergling x2  
  120  16:33  Zergling x2  
  121  16:42  Hatchery  
Show
View Real Time Build Order
Export as new Build Order

PtitDrogo Protoss 

Build Orders: 1 Gate Expand, Oracle Opening, Zealot Archon, Archon Drop 

Get SALT Encoding   

  12  0:00  Probe  
  13  0:13  Probe  
  14  0:20  Pylon  
  14  0:25  Probe  
  15  0:29  Assimilator  
  15  0:35  Probe  
  16  0:44  Probe  
  16  0:45  Gateway  
  17  0:52  Probe  
  18  1:04  Probe  
  19  1:16  Probe  
  20  1:25  Nexus  
  20  1:35  Cybernetics Core  
  20  1:39  Probe  
  21  1:45  Assimilator  
  21  1:51  Probe  
  22  1:54  Pylon  
  22  2:02  Adept  
  22  2:03  Probe  
  23  2:15  Probe  
  26  2:18  Stargate  
  26  2:23  Warp Gate  
  26  2:28  Probe  
  27  2:33  Stalker  
  27  2:34  Probe  
  27  2:36  Probe  
  29  2:42  Probe  
  31  2:44  Probe  
  33  2:52  Probe, Oracle  
  33  2:55  Probe  
  35  3:04  Probe  
  39  3:09  Probe  
  39  3:12  Pylon  
  40  3:16  Stalker, Probe  
  43  3:21  Probe  
  44  3:29  Probe  
  44  3:33  Probe  
  46  3:34  Oracle  
  46  3:41  Probe  
  50  3:45  Probe  
  50  3:47  Pylon  
  51  3:55  Probe  
  52  3:57  Pylon, Probe  
  52  4:02  Nexus  
  53  4:04  Pylon  
  53  4:08  Probe  
  53  4:09  Probe  
  55  4:11  Sentry  
  55  4:12  Assimilator  
  57  4:17  Assimilator  
  57  4:20  Probe  
  57  4:21  Probe  
  59  4:33  Twilight Council, Probe x2, Forge  
  61  4:43  Robotics Facility  
  61  4:45  Probe  
  62  4:46  Probe  
  62  4:47  Zealot  
  62  4:50  Protoss Ground Weapons Level 1, Charge  
  65  4:57  Probe  
  65  4:58  Probe  
  67  5:01  Gateway  
  67  5:03  Gateway  
  67  5:04  Gateway  
  67  5:09  Probe  
  67  5:11  Probe  
  69  5:15  Probe  
  69  5:16  Templar Archives  
  71  5:21  Probe  
  71  5:23  Gateway  
  71  5:27  Observer, Gateway  
  71  5:30  Probe  
  71  5:31  Probe  
  71  5:34  Probe  
  75  5:42  Probe  
  76  5:43  Probe  
  76  5:45  Pylon  
  76  5:47  Gateway  
  76  5:49  Gateway  
  78  5:54  Pylon  
  78  5:55  Assimilator  
  79  5:58  Warp Prism, Assimilator  
  79  6:02  Stalker  
  79  6:03  Probe x2  
  83  6:05  Probe  
  83  6:07  Pylon  
  84  6:16  High Templar x2  
  88  6:21  High Templar  
  88  6:22  High Templar  
  88  6:23  Zealot  
  88  6:24  Pylon  
  88  6:25  Pylon  
  94  6:26  Protoss Ground Weapons Level 2, Archon x2  
  94  6:27  Pylon  
  94  6:32  Pylon  
  93  6:43  Probe x2  
  95  6:47  Probe  
  96  6:55  Pylon  
  96  6:57  Nexus  
  96  7:04  High Templar x2  
  96  7:06  Zealot x2  
  96  7:07  Probe  
  105  7:10  Psionic Storm, Photon Cannon  
  105  7:11  Shield Battery, Pylon  
  105  7:12  Pylon, Archon  
  105  7:21  Pylon  
  105  7:23  High Templar  
  105  7:24  High Templar, Zealot x2  
  105  7:25  Probe  
  105  7:26  Gateway  
  105  7:27  Gateway  
  114  7:32  Gateway  
  111  7:48  Probe x2  
  111  7:51  High Templar x2, Zealot x4  
  117  7:53  Probe  
  117  7:54  Photon Cannon  
  126  8:00  Probe  
  126  8:01  Probe  
  128  8:07  Probe  
  128  8:10  Zealot x2  
  128  8:12  Zealot  
  135  8:14  Probe  
  135  8:17  Probe  
  135  8:19  Probe  
  138  8:21  Pylon  
  138  8:23  Pylon  
  138  8:25  Assimilator  
  136  8:28  Assimilator  
  136  8:29  High Templar x2  
  136  8:31  High Templar x2, Zealot x3  
  136  8:34  Pylon, Archon  
  148  8:35  Pylon, Archon  
  148  8:38  Photon Cannon  
  148  8:39  Zealot x2  
  148  8:40  Zealot x2  
  148  8:53  Immortal  
  150  8:57  Probe  
  150  9:00  Probe  
  136  9:03  High Templar x3  
  136  9:04  High Templar, Zealot x5  
  136  9:05  Zealot x2, Probe  
  136  9:07  Archon  
  136  9:08  Archon  
  155  9:30  High Templar x2  
  159  9:32  Zealot x5  
  159  9:36  Archon  
  159  9:37  Zealot x4  
  177  9:49  Gateway  
  177  9:51  Gateway  
  175  9:53  Zealot x5  
  175  10:02  Zealot x6  
  183  10:09  Probe  
  183  10:12  Probe  
  174  10:15  Zealot x4  
  178  10:26  High Templar x4  
  178  10:27  High Templar, Immortal  
  183  10:33  Probe  
  183  10:35  Probe  
  185  10:36  Zealot x2  
  188  11:00  Probe  
  155  11:09  Probe  
  155  11:10  Probe, Immortal  
  135  11:13  Probe  
  135  11:14  Zealot x2  
  135  11:15  Zealot x4  
  144  11:18  Pylon  
  144  11:21  Nexus  
  144  11:23  Gateway  
  144  11:25  Gateway  
  127  11:36  Probe  
  123  11:43  Probe  
  123  11:44  Immortal  
  104  11:47  Zealot  
  104  11:48  Zealot x4, Probe  
  104  11:53  Pylon  
  117  12:00  Nexus  
  116  12:05  Probe  
  116  12:07  Probe  
  114  12:08  Stalker x2  
  114  12:09  Stalker, Zealot x3  
  122  12:18  Probe  
  122  12:20  Pylon  
  117  12:22  Assimilator  
  117  12:26  Twilight Council  
  117  12:27  Assimilator  
  116  12:31  Pylon  
  116  12:32  Zealot x8  
  132  12:43  Pylon  
  130  12:46  Pylon  
  130  12:57  Zealot x6  
  141  13:04  Probe  
  140  13:05  Zealot  
  140  13:06  Zealot  
  140  13:07  Probe  
  143  13:16  Probe  
  143  13:19  Probe  
  123  13:21  Zealot x5  
  126  13:28  Probe  
  126  13:31  Probe  
  120  13:52  Observer  
  120  13:58  Zealot x7  
  131  14:06  Zealot  
  119  14:25  Templar Archives  
  119  14:26  Zealot x5  
  127  14:35  Colossus  
  127  14:37  Sentry x2  
  127  14:38  Sentry  
  133  14:39  Probe  
  126  14:47  Probe  
  126  14:48  Zealot x2  
  125  14:58  Probe  
  125  15:00  Probe  
  125  15:02  High Templar  
  125  15:03  High Templar  
  127  15:11  Probe  
  127  15:12  High Templar  
  120  15:17  Probe  
  120  15:20  High Templar  
  108  15:23  Probe  
  102  15:35  High Templar x5  
  103  15:36  Probe  
  102  15:49  High Templar  
  103  15:52  Archon  
  103  15:54  High Templar  
  100  16:00  Probe  
  82  16:08  Archon  
  67  16:11  Probe  
  67  16:12  Probe  
  67  16:16  High Templar x5  
  70  16:20  Archon  
  70  16:21  Archon x2  
  70  16:23  Probe  
  70  16:25  High Templar  
  58  16:41  High Templar  
Tags
 
Add a new tag
Caveats
  • Supply blocks, unpowered buildings, or Contaminate may cause inaccurate times.
  • Supply counts are checked every 10 seconds.